Match 27658642
Unlisted

Match 27658642
End
Construct Barracks
Selects Armored Battlegroup
Selects Veteran Crews
Riflemen Squad
Riflemen Squad
Construct Weapon Support Center
Selects Fast Deploy
Mechanized Support Center
M1 Mortar Team
M16 Multiple Gun Motor Carriage
M1919 Machine Gun Team
Bazooka Squad
M1918 Browning Automatic Rifles
Construct Medical Station
Selects M8 Scott SPG
Selects UNKNOWN (2160077)
M3 75 mm Gun Motor Carriage
Construct Motor Pool
Engineer Squad
Grenade Package
Bazooka Squad
Improved M9 Bazooka Rockets
M8 Greyhound Armored Car
Construct Tank Depot
Riflemen Squad
Selects M31 Recovery Vehicle
Selects War Machine
Engineer Squad
M18 Hellcat Tank Destroyer
Rearm and Retrofit
Bazooka Squad
Friendly Mouse(Poxie)
ShadyBull
Heythebelch
my worst self
Wrath of Spinach
Core/DeathCore
Tangy Salts
Maria Ozawa
0
0

Comments sign in to comment!

No comments posted yet!